 Dungeon Crawl Stone Soup version 0.27.1-33-g824d729ab1 (webtiles) character file.

Game seed: 3752683696610177312

24 H0rd4k the Charlatan (level 3, 0/26 HPs)
             Began as a Human Artificer on Dec 14, 2021.
             Slain by a kobold (3 damage)
             ... on level 1 of the Dungeon.
             The game lasted 00:01:19 (1337 turns).

H0rd4k the Charlatan (Human Artificer)              Turns: 1337, Time: 00:01:19

Health: 0/26       AC:  3    Str: 13    XL:     3   Next: 15%
Magic:  3/3        EV: 11    Int: 11    God:
Gold:   36         SH:  0    Dex: 13    Spells: 2/2 levels left

rFire    . . .     SeeInvis .   h - +0 dagger
rCold    . . .     Faith    .   (no shield)
rNeg     . . .     Spirit   .   b - +0 leather armour
rPois    .         Reflect  .   (no helmet)
rElec    .         Harm     .   (no cloak)
rCorr    .         Rampage  .   (no gloves)
Will     .....                  (no boots)
Stlth    +.........             (no amulet)
HPRegen  0.08/turn              (no ring)
MPRegen  0.08/turn              (no ring)

@: no status effects
A: no striking features
a: no special abilities


You were on level 1 of the Dungeon.
You visited 1 branch of the dungeon, and saw 2 of its levels.

You collected 36 gold pieces.

Inventory:

Hand Weapons
 h - a +0 dagger (weapon)
Armour
 b - a +0 leather armour (worn)
Jewellery
 f - a +6 ring of strength
Wands
 c - a wand of flame (15) (quivered)
 d - a wand of charming (15)
Scrolls
 a - a scroll of blinking {unknown}
 i - 2 scrolls of immolation {unknown}
Potions
 g - a potion of might {unknown}
 j - 2 potions of curing {unknown}
 k - a potion of heal wounds {unknown}
Miscellaneous
 e - a piece from Xom's chessboard (15/15)


   Skills:
 + Level 1.0 Fighting
 + Level 0.7 Short Blades
 - Level 2.0 Armour
 + Level 1.2 Dodging
 - Level 1.0 Stealth
 + Level 3.8 Evocations


You had 2 spell levels left.
You didn't know any spells.
Your spell library contained the following spells:

 Spells                   Type           Power      Damage    Failure   Level
 Animate Armour           Summ/Erth      0%         N/A       99%         4
 Blade Hands              Tmut           0%         N/A       100%        5
 Iron Shot                Conj/Erth      0%         9d1       100%        6


Dungeon Overview and Level Annotations

Branches:
Dungeon (2/15)

Altars:


Message History

The hobgoblin hits you but does no damage.
You closely miss the hobgoblin.
The hobgoblin is severely wounded.
The hobgoblin hits you.
* * * LOW HITPOINT WARNING * * *
You closely miss the hobgoblin.
The hobgoblin is severely wounded.
The hobgoblin closely misses you.
You hit the hobgoblin.
You kill the hobgoblin!
The bat hits you but does no damage. The bat barely misses you.
The kobold hits you with a +0 dagger.
* * * LOW HITPOINT WARNING * * *
The bat hits you but does no damage. The bat closely misses you.
The bat barely misses you.
You closely miss the bat. The bat barely misses you.
The bat hits you but does no damage.
You barely miss the bat. The bat closely misses you.
The bat hits you but does no damage.
You hit the bat.
The bat is severely wounded.
The bat barely misses you. The bat hits you but does no damage.
The bat completely misses you.
You hit the bat.
You kill the bat!
There is a stone staircase leading up here.
The kobold closely misses you.
You climb upwards.
There is a stone staircase leading down here.
You closely miss the kobold.
The kobold is moderately wounded.
The kobold hits you with a +0 short sword.
* * * LOW HITPOINT WARNING * * *
You hit the kobold but do no damage.
The kobold is moderately wounded.
The kobold closely misses you.
You hit the kobold but do no damage.
The kobold is moderately wounded.
The kobold hits you with a +0 short sword.
You die...

#.# ##.# #.##.#######....#...
#.# #..# #†##.# ##.#.##.# #.#
#.## #.##.# #.#.##.# #.# #.#
#.##.# #.#.#.). #.# #.# #....#
### #.#.#... #.# #.#
#..######.###.#(#...
#.###.#####........#..........
#.)..(............###.#.#.#.#.
####........K@####.#.##.......
##.######### ##.##.#.#.#.# ###
########.##........
#........#.#.#.#.#.
#.######.#........( #.#
#..#.#.#.#.# #.# #...........
##.# #.#.#.#.#.#. #..#
##...........


You could see a kobold.

Vanquished Creatures
  4 bats
  An endoplasm (D:1)
  A giant cockroach (D:1)
  3 hobgoblins
  3 kobolds
  2 ball pythons (D:1)
  2 frilled lizards (D:1)
  3 goblins (D:1)
  4 rats (D:1)
23 creatures vanquished.

Notes
Turn   | Place    | Note
-------+----------+-------------------------------------------
     0 | D:1      | H0rd4k the Human Artificer began the quest for the Orb.
     0 | D:1      | Reached XP level 1. HP: 15/15 MP: 1/1
   400 | D:1      | Reached XP level 2. HP: 14/21 MP: 2/2
  1165 | D:1      | Reached XP level 3. HP: 26/26 MP: 3/3
  1337 | D:1      | Slain by a kobold

Illustrated notes

Levels and vault maps discovered:
D:1:      nzn_arrival_crosshair, layout_loops_ring, hex_large
D:2:      layout_loops_ring, basic_altar, serial_bayou_pond_b,
          chequers_decorated_corner

Action                   || total
-------------------------++-------
Melee: Dagger            ||   110
       Club              ||    11
 Stab: Sleeping          ||     2
Armor: Leather armour    ||    47
Dodge: Dodged            ||    80
